 Dungeon Crawl Stone Soup version 0.16-a0-3939-g9a3e665 (webtiles) character file.

2882 timbw the Cleaver (level 10, -3/77 HPs)
             Began as a Human Berserker on Feb 6, 2015.
             Was a High Priest of Trog.
             Slain by an orc warrior
             ... wielding a +1 flail of protection
             ... led by an orc knight
              (17 damage)
             ... on level 3 of the Orcish Mines.
             The game lasted 00:14:12 (2280 turns).

timbw the Cleaver (Human Berserker)                 Turns: 2280, Time: 00:14:13

Health: -3/77      AC: 15    Str: 24    XL:     10   Next: 5%
Magic:  10/10      EV:  8    Int: 10    God:    Trog [*****.]
Gold:   366        SH:  0    Dex: 15    Spells: 0 memorised, 9 levels left

rFire  . . .     SeeInvis .     B - -2 war axe of the Gloaming {vamp, Str+4 Int+2 Dex+2} (curse)
rCold  . . .     Clarity  .     g - +0 plate armour
rNeg   . . .     SustAb   .     (no shield)
rPois  .         Gourm    .     (no helmet)
rElec  .         Spirit   .     d - +0 cloak
rCorr  .         Warding  .     (no gloves)
rMut   +         Stasis   .     s - +0 pair of boots
MR     .....                    k - amulet of resist mutation
Stlth  ..........               (no ring)
                                (no ring)

@: exhausted, slowed, very slow, not resistant to hostile enchantments,
extremely unstealthy
A: no striking features
a: Burn Spellbooks, Berserk, Trog's Hand, Brothers in Arms, Renounce Religion


You were on level 3 of the Orcish Mines.
You worshipped Trog.
Trog was extremely pleased with you.
You were very hungry.

You visited 2 branches of the dungeon, and saw 13 of its levels.
You also visited: Sewer.

You collected 366 gold pieces.

Inventory:

Hand weapons
 a - a +0 war axe
 m - a +0 war axe of electrocution
 q - a +0 hand axe
 t - a +0 blowgun
 B - the cursed -2 war axe of the Gloaming (weapon) {vamp, Str+4 Int+2 Dex+2}
   (You found it on level 9 of the Dungeon)

   It inflicts no extra harm, but heals its wielder somewhat when it strikes a
   living foe.
   It affects your strength (+4).
   It affects your intelligence (+2).
   It affects your dexterity (+2).
   It has a curse placed upon it.
Missiles
 u - 20 poisoned needles
Armour
 b - a +0 animal skin
 d - a +0 cloak (worn)
 g - a +0 plate armour (worn)
 s - a +0 pair of boots (worn)
Jewellery
 k - an amulet of resist mutation (around neck)
Scrolls
 e - a scroll of blinking
 p - a scroll of immolation {unknown}
 r - a scroll of enchant weapon {unknown}
 x - a scroll of fear {unknown}
 y - a scroll of remove curse
Potions
 f - a potion of haste {unknown}
 h - 5 potions of heal wounds
 i - a potion of ambrosia {unknown}
 j - 3 potions of poison {unknown}
 n - a potion of invisibility {unknown}
 v - 3 potions of brilliance {unknown}
 w - a potion of flight {unknown}
 z - a potion of agility {unknown}
 A - 4 potions of curing {unknown}
Comestibles
 c - a bread ration
 l - 4 fruits
 o - 2 meat rations
 C - 5 chunks of flesh


   Skills:
 + Level 6.4 Fighting
 * Level 10.7 Axes
 + Level 6.0 Armour
 - Level 2.0 Dodging


You had 9 spell levels left.
You didn't know any spells.

Dungeon Overview and Level Annotations

Branches:
Dungeon (9/15)                Orc (4/4) D:9             Elf (0/3) Orc:4
 Temple: D:4-7         Lair: D:8-11

Altars:
Cheibriados
Dithmenos

Shops:
D:8 :   D:9 :   Orc:4 (


Message History

The orc warrior hits you with a flail of protection!
* * * LOW HITPOINT WARNING * * *
The orc knight closely misses you.
You hit the orc knight.
You kill the orc knight!
Trog accepts your kill.
Your Armour skill increases to level 6!
You have reached level 10!
You closely miss the orc warrior.
The orc warrior is heavily wounded.
Your skin stops crawling.
You feel less resistant to hostile enchantments.
The orc warrior barely misses you.
Unknown command.
You hit the orc warrior but do no damage.
The orc warrior is heavily wounded.
The orc warrior hits you with a flail of protection.
* * * LOW HITPOINT WARNING * * *
The orc warrior hits you with a flail of protection!
You die...

... .#...###.
.......#...
#........#...
#............
#............
#............
##....)o......#
#....<@)......#
##....)).......
#.............
##............
#.#..........
#............
#..........
..#...... # ##.
##


You could see an orc warrior (frenzied).

Vanquished Creatures
  An orc knight (Orc:3)
  An orc sorcerer (Orc:3)
  A troll (Orc:4)
  A hippogriff (D:7)
  2 wargs
  3 orc warriors
  3 ogres
  A centaur (D:9)
  2 big kobolds (Sewer)
  Blork the orc (D:8)
  A giant frog (D:8)
  A scorpion (D:8)
  4 orc wizards
  5 orc priests
  2 hounds
  A hound skeleton (D:4)
  10 river rats
  2 worms
  5 adders
  An adder zombie (D:6)
  An adder skeleton (D:4)
  An ooze (Sewer)
  36 orcs
  5 hobgoblins
  5 jackals
  A quokka (D:5)
  7 ball pythons
  4 bats
  A giant gecko skeleton (D:6)
  A giant newt (Sewer)
  5 goblins
  17 kobolds
  A quokka skeleton (D:5)
  2 quokka zombies
  20 rats
155 creatures vanquished.

Notes
Turn   | Place    | Note
--------------------------------------------------------------
     0 | D:1      | timbw, the Human Berserker, began the quest for the Orb.
     0 | D:1      | Reached XP level 1. HP: 18/18 MP: 1/1
    98 | D:1      | Reached XP level 2. HP: 18/24 MP: 2/2
   137 | D:1      | Acquired Trog's second power
   270 | D:2      | Reached skill level 4 in Axes
   270 | D:2      | Reached XP level 3. HP: 6/29 MP: 3/3
   612 | D:4      | Found a snail-covered altar of Cheibriados.
   613 | D:4      | Noticed an ogre
   620 | D:4      | Killed an ogre
   620 | D:4      | Reached skill level 5 in Axes
   620 | D:4      | Reached XP level 4. HP: 25/35 MP: 4/4
   620 | D:4      | Reached XP level 5. HP: 29/41 MP: 5/5
   709 | D:5      | Entered Level 5 of the Dungeon
   709 | D:5      | Noticed an orc warrior
   723 | D:4      | Killed an orc warrior
   723 | D:4      | Reached skill level 6 in Axes
   723 | D:4      | Reached XP level 6. HP: 19/47 MP: 6/6
   965 | D:5      | Reached skill level 7 in Axes
   970 | D:5      | Found a glowing drain.
   998 | Sewer    | Entered a sewer
  1111 | Sewer    | Reached XP level 7. HP: 45/52 MP: 7/7
  1317 | Sewer    | Acquired Trog's third power
  1429 | D:6      | Found a shadowy altar of Dithmenos.
  1544 | D:7      | Noticed a hippogriff
  1563 | D:7      | Killed a hippogriff
  1563 | D:7      | Reached skill level 8 in Axes
  1563 | D:7      | Reached XP level 8. HP: 14/60 MP: 8/8
  1586 | D:8      | Found Hoylose's Book Shop.
  1654 | D:8      | Noticed Blork the orc
  1664 | D:8      | Killed Blork the orc
  1731 | D:9      | Found a staircase to the Orcish Mines.
  1751 | D:9      | Got a crystal war axe
  1755 | D:9      | Identified the cursed -2 war axe of the Gloaming {vamp, Str+4 Int+2 Dex+2} (You found it on level 9 of the Dungeon)
  1757 | D:9      | Found Loptuelo's Book Shoppe.
  1779 | Orc:1    | Entered Level 1 of the Orcish Mines
  2059 | Orc:4    | Entered Level 4 of the Orcish Mines
  2059 | Orc:4    | Found a staircase to the Elven Halls.
  2059 | Orc:4    | Noticed an orc sorcerer
  2066 | Orc:4    | Reached skill level 9 in Axes
  2072 | Orc:3    | Reached skill level 5 in Fighting
  2073 | Orc:3    | Reached XP level 9. HP: 42/68 MP: 9/9
  2076 | Orc:3    | Killed an orc sorcerer
  2076 | Orc:3    | Reached skill level 5 in Armour
  2137 | Orc:4    | Found Ijeill's Antique Weapon Shoppe.
  2162 | Orc:4    | Reached skill level 10 in Axes
  2191 | Orc:4    | Noticed a troll
  2213 | Orc:4    | Killed a troll
  2255 | Orc:3    | Noticed an orc knight
  2279 | Orc:3    | Killed an orc knight
  2279 | Orc:3    | Reached XP level 10. HP: 19/77 MP: 10/10
  2280 | Orc:3    | Slain by an orc warrior

Action                   |  1- 3 |  4- 6 |  7- 9 | 10-12 || total
-------------------------+-------+-------+-------+-------++-------
Melee: Hand axe          |   109 |    43 |       |       ||   152
       War axe           |       |    73 |   326 |     1 ||   400
Invok: Berserk           |     1 |     3 |     5 |       ||     9
       Trog's Hand       |       |     4 |     4 |       ||     8
  Use: Potion            |     1 |       |       |       ||     1
       Scroll            |       |       |     4 |       ||     4
  Eat: Beef jerky        |       |     2 |       |       ||     2
       Chunk             |       |     2 |     9 |       ||    11
       Bread ration      |       |       |     1 |       ||     1
       Royal jelly       |       |       |     1 |       ||     1
